[Event "FIDE World Rapid Chess Championship 2021"]
[White "Tang, Andrew"]
[Black "Petrovskyi, Vadym"]
[WhiteFideId "2059630"]
[BlackFideId "14165210"]
[WhiteElo "2427"]
[BlackElo "2282"]
[Result "0-1"]
[Round "11"]
[TimeControl "900+10"]
[Date "2021.12.28"]
[WhiteClock "0:00:26"]
[BlackClock "0:01:30"]

1. d4 Nf6 2. c4 e6 3. Nc3 Bb4 4. Qc2 d5 5. cxd5 exd5 6. Bg5 h6 7. Bh4 c6 8. e3 O-O 9. Bd3 Re8 10. Ne2 Nbd7 11. O-O Bd6 12. h3 a6 13. Rad1 Nf8 14. Bg3 Bxg3 15. Nxg3 Ne6 16. Rfe1 Ng5 17. h4 Nge4 18. Ngxe4 Nxe4 19. Nxe4 dxe4 20. Bxe4 Qxh4 21. Bf3 Bg4 22. Bxg4 Qxg4 23. Rd3 Rad8 24. Rb3 Re7 25. Qd1 Qe4 26. Rd3 Rd5 27. Rd2 Re6 28. Qf3 Qxf3 29. gxf3 Rf5 30. d5 cxd5 31. f4 Rxf4 32. Rxd5 Rg4+ 33. Kf1 g6 34. Rc1 h5 35. Rc8+ Kg7 36. Rdd8 Ra4 37. Rg8+ Kf6 38. a3 Re7 39. Kg2 Rd7 40. Kg3 Rg4+ 41. Kf3 Rd5 42. Ke2 Rf5 43. Kf1 Rg3 44. Rge8 Rgf3 45. Rc2 Rh3 46. Kg2 Rh4 47. Rb8 Rg4+ 48. Kf1 h4 49. Rh8 Kg7 50. Rcc8 Re4 51. Ke2 Rg4 52. Kf1 a5 53. Rcg8+ Kf6 54. Rh7 a4 55. Rgh8 g5 56. Rh6+ Ke7 57. Rb6 Re4 58. Rxb7+ Kf6 59. Ke2 Ree5 60. Rb6+ Kg7 61. Rbb8 Rb5 62. Rhg8+ Kf6 63. e4 Rxb8 64. Rxb8 Rf4 65. f3 h3 66. Kf2 g4 67. Kg3 gxf3 68. e5+ Kg7 0-1


[Site "http://www.Chess.com"]

[Event "FIDE World Rapid Chess Championship 2021"]
[White "Aziz, Husain"]
[Black "Nasuta, Grzegorz"]
[WhiteFideId "12100293"]
[BlackFideId "1141686"]
[WhiteElo "2430"]
[BlackElo "2345"]
[Result "0-1"]
[Round "11"]
[TimeControl "900+10"]
[Date "2021.12.28"]
[WhiteClock "0:14:08"]
[BlackClock "0:13:17"]

1. e4 e5 2. Nf3 Nc6 3. Nc3 Nf6 4. d4 exd4 5. Nxd4 Bb4 6. Nxc6 bxc6 7. Bd3 d5 8. Bd2 O-O 9. O-O Re8 10. Re1 Bg4 11. Qc1 dxe4 12. Nxe4 Rxe4 0-1


[Site "http://www.Chess.com"]

[Event "FIDE World Rapid Chess Championship 2021"]
[White "Peng, Li Min"]
[Black "Aditya, Mittal"]
[WhiteFideId "14112620"]
[BlackFideId "35042025"]
[WhiteElo "2411"]
[BlackElo "1488"]
[Result "1/2-1/2"]
[Round "11"]
[TimeControl "900+10"]
[Date "2021.12.28"]
[WhiteClock "0:03:22"]
[BlackClock "0:01:35"]

1. d4 Nf6 2. c4 e6 3. Nc3 Bb4 4. e3 O-O 5. Bd2 d5 6. Nf3 b6 7. cxd5 exd5 8. Bd3 Bd6 9. O-O c5 10. dxc5 bxc5 11. e4 dxe4 12. Nxe4 Bb7 13. Bg5 Bxe4 14. Bxf6 Bxh2+ 15. Nxh2 Qxd3 16. Qg4 Bg6 17. Be7 Re8 18. Bxc5 Nc6 19. Nf3 Re4 20. Qg3 Rae8 21. Qd6 Qxd6 22. Bxd6 Bh5 23. Rac1 Na5 24. Rc5 Bxf3 25. Rxa5 Be2 26. Re1 a6 27. f3 R4e6 28. Kf2 g6 29. Re5 Rxe5 30. Bxe5 Bb5 31. f4 f6 32. Bxf6 Rxe1 33. Kxe1 Kf7 34. Bh4 Ke6 35. Kf2 Kf5 36. Ke3 Kg4 37. Be1 Bf1 38. g3 Kf5 39. Kd4 Ke6 40. Kc5 Kd7 41. g4 Be2 42. g5 Kc7 43. Kd5 Bd3 44. Ke5 Bb1 45. a3 Bc2 46. Kf6 Kb7 47. Kg7 Bf5 48. Kxh7 Bc2 49. Kg7 Bf5 50. Kf6 Bc2 51. Ke5 Bf5 52. Kd6 Bc2 53. Bf2 Bf5 54. Kc5 Bc2 55. Kb4 Bf5 56. Ka5 Bc2 57. a4 Bf5 58. b4 Bc2 59. b5 axb5 60. Kxb5 Bf5 61. a5 Ka8 62. Kb6 Be4 1/2-1/2


[Site "http://www.Chess.com"]

[Event "FIDE World Rapid Chess Championship 2021"]
[White "Kolosowski, Mateusz"]
[Black "Baum, Jonasz"]
[WhiteFideId "1129708"]
[BlackFideId "1195360"]
[WhiteElo "2371"]
[BlackElo "2343"]
[Result "1/2-1/2"]
[Round "11"]
[TimeControl "900+10"]
[Date "2021.12.28"]
[WhiteClock "0:00:55"]
[BlackClock "0:00:12"]

1. e4 c5 2. Nc3 a6 3. g3 b5 4. Bg2 Bb7 5. Nge2 e6 6. d4 cxd4 7. Nxd4 Nf6 8. Qe2 Bc5 9. Nb3 Bb4 10. O-O O-O 11. a4 Bxc3 12. bxc3 bxa4 13. Rxa4 d5 14. Na5 Qd7 15. Rb4 Bc6 16. e5 Ne4 17. c4 Qc7 18. cxd5 exd5 19. Nb3 a5 20. Rd4 a4 21. Nd2 Qxe5 22. Bb2 Nd7 23. Ba1 Qf5 24. f3 Nd6 25. Rg4 Nf6 26. Rf4 Qe6 27. Qf2 Rfe8 28. Qc5 Qe3+ 29. Qxe3 Rxe3 30. Bxf6 gxf6 31. Rxf6 Re6 32. Rxe6 fxe6 33. Ra1 Nb5 34. c4 dxc4 35. Nxc4 a3 36. Bh3 Nd4 37. Rxa3 Rxa3 38. Nxa3 Nxf3+ 1/2-1/2


[Site "http://www.Chess.com"]

[Event "FIDE World Rapid Chess Championship 2021"]
[White "Lopusiewicz, Piotr"]
[Black "Kuzmicz, Krystian"]
[WhiteFideId "1116029"]
[BlackFideId "1119125"]
[WhiteElo "2197"]
[BlackElo "2314"]
[Result "0-1"]
[Round "11"]
[TimeControl "900+10"]
[Date "2021.12.28"]
[WhiteClock "0:02:32"]
[BlackClock "0:06:18"]

1. d4 g6 2. e4 Bg7 3. Nf3 c6 4. c4 d5 5. e5 Bg4 6. Nbd2 e6 7. h3 Bxf3 8. Nxf3 Ne7 9. Bd3 Nd7 10. O-O c5 11. cxd5 Nxd5 12. Bg5 Qa5 13. Bd2 Qd8 14. Qb3 O-O 15. Qxb7 cxd4 16. Bg5 Qc8 17. Qxc8 Rfxc8 18. Rfe1 Rab8 19. Nxd4 Bxe5 20. Nb3 Bxb2 21. Rab1 Bg7 22. Na5 Bc3 23. Rxb8 Rxb8 0-1


[Site "http://www.Chess.com"]

[Event "FIDE World Rapid Chess Championship 2021"]
[White "Blanco Acevedo, Cristobal Jose"]
[Black "Toczek, Grzegorz"]
[WhiteFideId "3900525"]
[BlackFideId "1106457"]
[WhiteElo "2289"]
[BlackElo "2220"]
[Result "1/2-1/2"]
[Round "11"]
[TimeControl "900+10"]
[Date "2021.12.28"]
[WhiteClock "0:01:54"]
[BlackClock "0:03:47"]

1. e4 c5 2. Nf3 d6 3. d4 cxd4 4. Nxd4 Nf6 5. Nc3 Nc6 6. Be2 e5 7. Nb3 h6 8. O-O Be7 9. Kh1 O-O 10. f4 a6 11. a4 Be6 12. f5 Bxb3 13. cxb3 Nd4 14. Bc4 b5 15. axb5 axb5 16. Rxa8 Qxa8 17. Bd5 Qa5 18. Be3 b4 19. Bxd4 exd4 20. Ne2 Nxd5 21. exd5 Qxd5 22. Nxd4 Rc8 23. f6 Bxf6 24. Qg4 Rc5 25. Nf5 Qd2 26. h3 Rc1 27. Qf3 Rxf1+ 28. Qxf1 Bg5 29. h4 Bf4 30. g3 Qd5+ 31. Kh2 Qxf5 32. gxf4 Qc2+ 33. Kh1 Qxb3 34. Qe2 Qe6 35. Qf2 Qe4+ 36. Kg1 b3 37. Qd2 d5 38. Qc3 Qb1+ 39. Kf2 Qc2+ 40. Ke3 Qxc3+ 41. bxc3 b2 42. Kd4 1/2-1/2


[Site "http://www.Chess.com"]

[Event "FIDE World Rapid Chess Championship 2021"]
[White "Yunusov, Mukhammad"]
[Black "Lubczynski, Rafal"]
[WhiteFideId "14700930"]
[BlackFideId "1126091"]
[WhiteElo "1832"]
[BlackElo "2289"]
[Result "0-1"]
[Round "11"]
[TimeControl "900+10"]
[Date "2021.12.28"]
[WhiteClock "0:01:07"]
[BlackClock "0:00:46"]

1. d4 Nf6 2. Bf4 b5 3. e3 Bb7 4. Nf3 a6 5. a4 b4 6. Bd3 e6 7. O-O c5 8. c3 Nc6 9. Nbd2 bxc3 10. bxc3 cxd4 11. cxd4 Nb4 12. Nc4 Nxd3 13. Qxd3 Be4 14. Qb3 Bd5 15. Qd3 Be4 16. Qb3 d6 17. Qb6 Qxb6 18. Nxb6 Rb8 19. a5 Be7 20. Rfc1 Nh5 21. Nc8 Nxf4 22. exf4 Bf8 23. Ng5 Bb7 24. Nb6 h6 25. Nf3 Be7 26. d5 Bd8 27. dxe6 fxe6 28. Nd4 Kf7 29. Ra2 Be4 30. Nc6 Bxc6 31. Rxc6 Be7 32. Rc7 Rhd8 33. Ra7 d5 34. Rc2 Ke8 35. Rxa6 d4 36. Kf1 d3 37. Rd2 Bb4 38. Rd1 Rd4 39. Na4 Kf7 40. Ra7+ Kf6 41. Nb6 Rbd8 42. a6 Re4 43. Rb7 d2 44. Nd7+ Rxd7 45. Rxb4 Rxb4 0-1


[Site "http://www.Chess.com"]

[Event "FIDE World Rapid Chess Championship 2021"]
[White "Grischuk, Alexander"]
[Black "Caruana, Fabiano"]
[WhiteFideId "4126025"]
[BlackFideId "2020009"]
[WhiteElo "2763"]
[BlackElo "2770"]
[Result "0-1"]
[Round "12"]
[TimeControl "900+10"]
[Date "2021.12.28"]
[WhiteClock "0:00:19"]
[BlackClock "0:01:40"]

1. c4 e5 2. Nf3 e4 3. Nd4 Nc6 4. e3 Nf6 5. Nc3 Ne5 6. f4 Nd3+ 7. Bxd3 exd3 8. O-O d5 9. cxd5 Nxd5 10. Nxd5 Qxd5 11. b4 b6 12. Bb2 Bb7 13. Rf2 Be7 14. Bc3 O-O-O 15. b5 h5 16. a4 Rh6 17. f5 Bh4 18. Rf3 g5 19. f6 g4 20. Nf5 gxf3 21. Ne7+ Kb8 22. Nxd5 f2+ 23. Kf1 Bxd5 24. Be5 Bxf6 25. Bf4 Rg6 26. g3 Bg5 27. Bxg5 Rxg5 28. Kxf2 h4 29. e4 Bxe4 30. Qe1 hxg3+ 31. hxg3 Rf5+ 32. Kg1 Bd5 33. g4 Rg8 34. Qg3 Rf3 35. Qg2 f5 36. g5 f4 0-1


[Site "http://www.Chess.com"]

[Event "FIDE World Rapid Chess Championship 2021"]
[White "Duda, Jan-Krzysztof"]
[Black "Salem, A.R. Saleh"]
[WhiteFideId "1170546"]
[BlackFideId "9301348"]
[WhiteElo "2801"]
[BlackElo "2729"]
[Result "1-0"]
[Round "12"]
[TimeControl "900+10"]
[Date "2021.12.28"]
[WhiteClock "0:00:19"]
[BlackClock "0:00:01"]

1. d4 d5 2. c4 e6 3. Nc3 Nf6 4. cxd5 exd5 5. Bg5 c6 6. e3 h6 7. Bh4 Be7 8. Bd3 O-O 9. Nge2 Re8 10. O-O Nbd7 11. f3 b5 12. Rc1 a5 13. Bf2 Ba6 14. Ng3 Bd6 15. Nce2 c5 16. Nf5 Bf8 17. dxc5 Nxc5 18. Bb1 b4 19. Re1 Rc8 20. Nf4 g6 21. Nd4 Qb6 22. Qd2 Bd6 23. b3 Qb8 24. g4 Ncd7 25. Kg2 Ne5 26. h4 Rxc1 27. Rxc1 Qd8 28. Rh1 Qd7 29. Rh3 Bb8 30. h5 Nexg4 31. hxg6 Bxf4 32. exf4 Bf1+ 33. Kxf1 Ne3+ 34. Bxe3 Qxh3+ 35. Ke2 fxg6 36. Kd1 Ng4 37. fxg4 Rxe3 38. Bxg6 Rc3 39. Ne2 Qf1+ 40. Qe1 Qf3 41. Qh4 Re3 42. Qh2 d4 43. Kd2 Rxe2+ 44. Qxe2 Qc3+ 45. Kd1 Qa1+ 46. Kd2 Qc3+ 47. Kd1 Qa1+ 48. Kc2 Qxa2+ 49. Kd3 Qxb3+ 50. Kxd4 Qc3+ 51. Ke4 1-0


[Site "http://www.Chess.com"]

[Event "FIDE World Rapid Chess Championship 2021"]
[White "Fedoseev, Vladimir"]
[Black "Karjakin, Sergey"]
[WhiteFideId "24130737"]
[BlackFideId "14109603"]
[WhiteElo "2692"]
[BlackElo "2757"]
[Result "1/2-1/2"]
[Round "12"]
[TimeControl "900+10"]
[Date "2021.12.28"]
[WhiteClock "0:00:52"]
[BlackClock "0:00:01"]

1. d4 Nf6 2. c4 e6 3. Nf3 d5 4. g3 Be7 5. Bg2 O-O 6. O-O dxc4 7. Qc2 a6 8. a4 Bd7 9. Qxc4 Bc6 10. Bf4 Bd6 11. Bd2 Nbd7 12. Nc3 h6 13. Qd3 Bb4 14. Rfe1 a5 15. Qc2 Bxf3 16. Bxf3 c6 17. Rad1 Qe7 18. Bg2 Rfd8 19. e4 e5 20. Ne2 exd4 21. Nxd4 Ne5 22. Bc3 Bxc3 23. bxc3 Qc5 24. f4 Nc4 25. h3 b5 26. axb5 cxb5 27. Kh2 Rac8 28. Rd3 a4 29. e5 Nd5 30. e6 Nde3 31. Qe2 fxe6 32. Bb7 Rb8 33. Be4 Rd6 34. Qa2 b4 35. Qxa4 bxc3 36. Nb3 Qb4 37. Qxb4 Rxb4 38. Rxc3 Ra6 39. Bg6 Ra2+ 40. Kh1 Kf8 41. Nc1 Ra1 42. Nd3 Rxe1+ 43. Nxe1 Ke7 44. Bd3 Nd6 45. Nf3 Ndc4 46. Kg1 Kf6 47. Be2 Kf5 48. Nd4+ Ke4 49. Nxe6 Rb2 50. Bxc4 Rb1+ 51. Kh2 Rb2+ 52. Kg1 Rb1+ 53. Kh2 Rb2+ 54. Kg1 Rb1+ 1/2-1/2


[Site "http://www.Chess.com"]

[Event "FIDE World Rapid Chess Championship 2021"]
[White "Firouzja, Alireza"]
[Black "Dubov, Daniil"]
[WhiteFideId "12573981"]
[BlackFideId "24126055"]
[WhiteElo "2656"]
[BlackElo "2735"]
[Result "1/2-1/2"]
[Round "12"]
[TimeControl "900+10"]
[Date "2021.12.28"]
[WhiteClock "0:00:03"]
[BlackClock "0:00:22"]

1. e4 c5 2. Nf3 d6 3. d4 cxd4 4. Nxd4 Nf6 5. Nc3 Nc6 6. Bg5 g6 7. Bxf6 exf6 8. Bb5 Bd7 9. Nde2 Be6 10. f4 Bg7 11. f5 gxf5 12. exf5 Bxf5 13. O-O Bg6 14. Kh1 O-O 15. Nd5 Ne7 16. Nef4 Nxd5 17. Qxd5 Qb6 18. Bd3 Kh8 19. Rad1 Rae8 20. b3 Bh6 21. Qf3 Re3 22. Qg4 Bxf4 23. Qxf4 d5 24. Bxg6 hxg6 25. Rd4 Re4 26. Qh6+ Kg8 27. Rd3 Qf2 28. Rf3 Qh4 29. Qxh4 Rxh4 30. Rxf6 Re4 31. Kg1 Re7 32. Rd1 Rc8 33. Rf2 Kg7 34. Kf1 Rec7 35. Rdd2 Rc5 36. Ke1 f5 37. Kd1 Kf6 38. Kc1 Re8 39. Rf3 Rh8 40. h3 Re8 41. Rfd3 Re5 42. Rd4 a5 43. a4 g5 44. Kb2 Ke6 45. g4 f4 46. h4 gxh4 47. Rxf4 Re4 48. Rf5 Rxg4 49. Rh5 Kd6 50. Rf2 Re4 51. Rg2 Rc6 52. Rh7 b6 53. Rh5 Kc5 54. Rh2 Rd6 55. Rh8 b5 56. axb5 Kxb5 57. R8xh4 Rxh4 58. Rxh4 Re6 59. Rh5 Kc5 60. Ka3 Rd6 61. c4 a4 62. cxd5 axb3 63. Kxb3 Rxd5 64. Rxd5+ Kxd5 1/2-1/2


[Site "http://www.Chess.com"]

[Event "FIDE World Rapid Chess Championship 2021"]
[White "Mamedyarov, Shakhriyar"]
[Black "Cheparinov, Ivan"]
[WhiteFideId "13401319"]
[BlackFideId "2905540"]
[WhiteElo "2727"]
[BlackElo "2621"]
[Result "1-0"]
[Round "12"]
[TimeControl "900+10"]
[Date "2021.12.28"]
[WhiteClock "0:01:53"]
[BlackClock "0:00:40"]

1. d4 Nf6 2. Bg5 c5 3. d5 d6 4. Nc3 h6 5. Bxf6 exf6 6. e4 g6 7. Bd3 Bg7 8. Nge2 O-O 9. O-O Nd7 10. f4 a6 11. a4 Qc7 12. b3 Nb6 13. f5 c4 14. bxc4 Nxc4 15. Qe1 Bd7 16. Kh1 Rac8 17. Bxc4 Qxc4 18. Qg3 g5 19. Qxd6 Rfd8 20. Qb6 Qc7 21. Rab1 Qxb6 22. Rxb6 Rc7 23. Rfb1 Bc8 24. R1b3 Bf8 25. Rxf6 Rd6 26. Rxd6 Bxd6 27. Kg1 Be5 28. Kf2 b5 29. axb5 axb5 30. Nxb5 Rxc2 31. Ke3 Ba6 32. g3 Kg7 33. Nbd4 Ra2 34. Nc3 Ra1 35. Nf3 Bd6 36. Kd4 f6 37. e5 fxe5+ 38. Nxe5 Re1 39. f6+ Kf8 40. Nf3 Rf1 41. Rb6 Rxf3 42. Rxd6 Bf1 43. Ne4 Rd3+ 44. Ke5 Re3 45. Rd8+ Kf7 46. Rd7+ Kf8 47. Re7 Bg2 48. Kd4 Re1 49. d6 Rd1+ 50. Kc5 1-0


[Site "http://www.Chess.com"]

[Event "FIDE World Rapid Chess Championship 2021"]
[White "Vachier-Lagrave, Maxime"]
[Black "Petrosian, Tigran L."]
[WhiteFideId "623539"]
[BlackFideId "13301616"]
[WhiteElo "2773"]
[BlackElo "2621"]
[Result "1-0"]
[Round "12"]
[TimeControl "900+10"]
[Date "2021.12.28"]
[WhiteClock "0:06:13"]
[BlackClock "0:00:29"]

1. e4 g6 2. d4 Bg7 3. Nc3 c6 4. Nf3 d6 5. h3 Nf6 6. a4 O-O 7. Bd3 Nbd7 8. O-O e5 9. Re1 Re8 10. dxe5 dxe5 11. Bc4 h6 12. a5 Qc7 13. b3 Nf8 14. Be3 Ne6 15. Qc1 Nd4 16. Nxd4 exd4 17. Bxd4 Ng4 18. Bxg7 Qh2+ 19. Kf1 Kxg7 20. hxg4 Qh1+ 21. Ke2 Bxg4+ 22. Kd2 Qxg2 23. Nd1 Rxe4 24. Qb2+ f6 25. Rxe4 Qxe4 26. Ne3 Rd8+ 27. Bd3 Qf4 28. Rf1 Bh3 29. Qa3 Rd7 30. Re1 Qxf2+ 31. Re2 Qf4 32. Ke1 h5 33. Qc5 h4 34. Qxa7 Be6 35. Ng2 Qb4+ 36. Kf1 h3 37. Ne1 Bg4 38. Re4 Qd2 39. Rxg4 h2 40. Rh4 Re7 41. Qf2 Rxe1+ 42. Qxe1 1-0


[Site "http://www.Chess.com"]

[Event "FIDE World Rapid Chess Championship 2021"]
[White "Alekseenko, Kirill"]
[Black "Giri, Anish"]
[WhiteFideId "4135539"]
[BlackFideId "24116068"]
[WhiteElo "2637"]
[BlackElo "2767"]
[Result "1/2-1/2"]
[Round "12"]
[TimeControl "900+10"]
[Date "2021.12.28"]
[WhiteClock "0:00:21"]
[BlackClock "0:00:21"]

1. e4 c5 2. Nf3 d6 3. d4 cxd4 4. Nxd4 Nf6 5. Nc3 a6 6. Be2 e5 7. Nb3 Be7 8. O-O O-O 9. Kh1 Nc6 10. f4 Re8 11. Be3 exf4 12. Bxf4 Be6 13. Qe1 Nd7 14. Rd1 Nce5 15. Qg3 Rc8 16. Nd4 Bh4 17. Qe3 Nc4 18. Qc1 Bf6 19. Nxe6 fxe6 20. Bxc4 Rxc4 21. Rxd6 Bxc3 22. bxc3 Qc8 23. Qd1 Nf8 24. Be3 Rxc3 25. Bd4 Rxc2 26. h4 Rc6 27. Qf3 Rc7 28. h5 Ree7 29. Qg3 Rf7 30. Rxf7 Rxf7 31. Kh2 h6 32. Be3 Kh7 33. Bb6 Qc4 34. Bd4 Qe2 35. Qh4 Qxa2 36. Qg4 Qd2 37. Be5 Qg5 38. Qxg5 hxg5 39. Kg3 Kh6 40. Kg4 g6 41. hxg6 Kxg6 42. Rb6 Kh6 43. g3 Kg6 44. Bd4 Rc7 45. Be3 Rc4 46. Bxg5 Rxe4+ 47. Bf4 Rd4 48. Rxb7 Nd7 49. Ra7 Nf6+ 50. Kf3 Rd3+ 51. Ke2 Ra3 52. Bd6 Ra4 53. Rc7 Nd5 54. Rc8 Kf5 55. Rh8 Rd4 56. Bc5 Rc4 57. Bd6 Rc3 58. Rh5+ Kg6 59. Rh8 Rb3 60. Rf8 Kg5 61. Re8 Re3+ 62. Kf2 Re4 63. Rg8+ Kf5 64. Rf8+ Kg6 65. Rg8+ Kf7 66. Rf8+ Kg7 67. Ra8 Ra4 68. Kf3 Nb6 69. Be5+ Kg6 70. Rg8+ Kf5 71. Bb2 e5 72. Rf8+ Ke6 73. Re8+ Kd7 74. Rxe5 Nc4 75. Re2 1/2-1/2


[Site "http://www.Chess.com"]

[Event "FIDE World Rapid Chess Championship 2021"]
[White "Hovhannisyan, Robert"]
[Black "Rapport, Richard"]
[WhiteFideId "13302507"]
[BlackFideId "738590"]
[WhiteElo "2613"]
[BlackElo "2750"]
[Result "0-1"]
[Round "12"]
[TimeControl "900+10"]
[Date "2021.12.28"]
[WhiteClock "0:00:18"]
[BlackClock "0:05:32"]

1. e4 e6 2. d4 d5 3. Nc3 Bb4 4. e5 c5 5. a3 Bxc3+ 6. bxc3 Qc7 7. Nf3 Ne7 8. a4 h6 9. Bb5+ Bd7 10. Bd3 Nbc6 11. O-O Qa5 12. dxc5 Qxc3 13. Rb1 Nxe5 14. Bb2 Nxf3+ 15. Qxf3 Qxc5 16. Bxg7 Rg8 17. Bxh6 Bc6 18. Bf4 d4 19. Be4 Qxc2 20. Bxc6+ Qxc6 21. Qxc6+ bxc6 22. Rb7 f6 23. Bd6 Nd5 24. Bc5 e5 25. Rfb1 d3 26. R7b3 e4 27. f3 f5 28. fxe4 fxe4 29. Re1 O-O-O 30. Bxa7 Rge8 31. Kf2 e3+ 32. Bxe3 Nxe3 33. Reb1 d2 34. Rb8+ Kc7 0-1


[Site "http://www.Chess.com"]

[Event "FIDE World Rapid Chess Championship 2021"]
[White "Matlakov, Maxim"]
[Black "Shirov, Alexei"]
[WhiteFideId "4168003"]
[BlackFideId "2209390"]
[WhiteElo "2652"]
[BlackElo "2702"]
[Result "1-0"]
[Round "12"]
[TimeControl "900+10"]
[Date "2021.12.28"]
[WhiteClock "0:00:00"]
[BlackClock "0:00:36"]

1. e4 e5 2. Nf3 Nc6 3. Bc4 Bc5 4. d3 Nf6 5. a4 d6 6. a5 a6 7. c3 Bg4 8. h3 Bh5 9. Nbd2 O-O 10. Nf1 Bg6 11. Bg5 h6 12. Bh4 Nb8 13. g4 c6 14. Ng3 d5 15. Bb3 Nbd7 16. g5 dxe4 17. gxf6 exf3 18. fxg7 Qxh4 19. gxf8=Q+ Kxf8 20. Qxf3 e4 21. Qg4 Qf6 22. d4 Ne5 23. Nxe4 Nd3+ 24. Kd2 Bxe4 25. Qxe4 Nxf2 26. Qe5 Qxe5 27. dxe5 Nxh1 28. Rxh1 Rd8+ 29. Kc2 Ke7 30. Rf1 Rf8 31. Rf6 Be3 32. h4 h5 33. Bc4 Ba7 34. Kd3 Bb8 35. Ke4 Bc7 36. b4 Bd8 37. Rf5 Ke8 38. Rxh5 Rg8 39. Rh7 Rg4+ 40. Kd3 Rxh4 41. Bxf7+ Kd7 42. Rg7 Be7 43. Bg6 Rf4 44. Bh5 Kd8 45. Bg4 Rf2 46. Ke4 Rf8 47. Bf5 Rh8 48. Bg4 Rf8 49. Bc8 Bxb4 50. cxb4 Kxc8 51. e6 Rf1 52. Ke5 Re1+ 53. Kd6 Rd1+ 54. Kc5 Re1 55. Kd6 Rd1+ 56. Ke7 Rd4 57. Kf8 Rf4+ 58. Rf7 1-0


[Site "http://www.Chess.com"]

[Event "FIDE World Rapid Chess Championship 2021"]
[White "Korobov, Anton"]
[Black "Volokitin, Andrei"]
[WhiteFideId "14105730"]
[BlackFideId "14107090"]
[WhiteElo "2689"]
[BlackElo "2631"]
[Result "1/2-1/2"]
[Round "12"]
[TimeControl "900+10"]
[Date "2021.12.28"]
[WhiteClock "0:00:59"]
[BlackClock "0:00:30"]

1. d4 Nf6 2. c4 e6 3. Nc3 Bb4 4. e3 O-O 5. Ne2 c6 6. a3 Ba5 7. b4 Bc7 8. Ng3 d5 9. Bb2 Nbd7 10. f4 a5 11. c5 b6 12. Be2 Ba6 13. Bxa6 Rxa6 14. b5 cxb5 15. c6 Nb8 16. Nxb5 Nxc6 17. Rc1 Qd7 18. Qc2 Ne7 19. Qd3 Bb8 20. a4 Nc6 21. O-O Nb4 22. Qb1 Ra8 23. Rc3 h5 24. e4 dxe4 25. Nxe4 Nxe4 26. Qxe4 Qd5 27. Qe2 Qf5 28. g3 Nd5 29. Rc6 Qg4 30. Qxg4 hxg4 31. Ba3 Nb4 32. Rxb6 Rc8 33. Rb7 Ra6 34. f5 e5 35. Bxb4 axb4 36. d5 Bd6 37. Kh1 b3 38. Rb1 Rc2 39. Rxb3 Rxa4 40. Nxd6 Raa2 41. Rb1 Rxh2+ 42. Kg1 Rag2+ 43. Kf1 Rf2+ 44. Kg1 Rfg2+ 1/2-1/2


[Site "http://www.Chess.com"]

[Event "FIDE World Rapid Chess Championship 2021"]
[White "Niemann, Hans Moke"]
[Black "Onyshchuk, Volodymyr"]
[WhiteFideId "2093596"]
[BlackFideId "14114038"]
[WhiteElo "2327"]
[BlackElo "2687"]
[Result "0-1"]
[Round "12"]
[TimeControl "900+10"]
[Date "2021.12.28"]
[WhiteClock "0:06:09"]
[BlackClock "0:02:54"]

1. d4 d6 2. e4 g6 3. Nc3 Bg7 4. Be3 a6 5. a4 b6 6. g4 Bb7 7. Bg2 Nd7 8. h4 h6 9. Nge2 e6 10. Ng3 Ne7 11. Qd2 c5 12. Rd1 Qc7 13. d5 exd5 14. exd5 O-O-O 15. f4 Rde8 16. Kf1 Kb8 17. g5 hxg5 18. hxg5 Rxh1+ 19. Bxh1 f6 20. Nge4 Nf5 21. Bf2 Rh8 22. Bg2 Nh4 23. Bxh4 Rxh4 24. Ne2 b5 25. axb5 axb5 26. Qd3 f5 27. N4c3 b4 28. Nb5 Qb6 29. c4 Bxb2 30. Qe3 Ne5 31. Qb3 Nxc4 32. Qxc4 Ba6 33. Qb3 Bg7 34. Na3 Rxf4+ 35. Ke1 Bxe2 36. Qe3 Be5 37. Kxe2 Qa6+ 38. Rd3 bxa3 0-1


[Site "http://www.Chess.com"]

[Event "FIDE World Rapid Chess Championship 2021"]
[White "Shevchenko, Kirill"]
[Black "Saric, Ivan"]
[WhiteFideId "14129574"]
[BlackFideId "14508150"]
[WhiteElo "2508"]
[BlackElo "2684"]
[Result "1-0"]
[Round "12"]
[TimeControl "900+10"]
[Date "2021.12.28"]
[WhiteClock "0:00:48"]
[BlackClock "0:00:53"]

1. e4 c5 2. Nc3 Nc6 3. Bb5 Nd4 4. Nf3 a6 5. Bd3 Nc6 6. O-O e6 7. e5 f5 8. Be2 Nh6 9. d4 cxd4 10. Nxd4 Nf7 11. Re1 Nxd4 12. Qxd4 Qc7 13. Bf4 Bc5 14. Qd2 b5 15. b4 Be7 16. Nd5 exd5 17. e6 Nd6 18. Qxd5 Bb7 19. Bh5+ Kd8 20. Qd4 Qc4 21. Qb6+ Qc7 22. Qd4 Qc4 23. Qxg7 Qxf4 24. Qxh8+ Kc7 25. Qc3+ Nc4 26. exd7 Rg8 27. g3 Qd6 28. Rad1 Qc6 29. f3 Bf6 30. Re8 Rxe8 31. dxe8=N+ Qxe8 32. Qxc4+ bxc4 33. Bxe8 Bxf3 34. Rd7+ Kc8 35. Rd6 Be7 36. Rd4 c3 37. Rc4+ Kd8 38. Bc6 Be2 39. Rxc3 Bxb4 40. Rb3 a5 41. Bd5 Kc7 42. c3 Bc5+ 43. Kg2 Kd6 44. Rb2 Ba6 45. c4 Ke5 46. Rb8 1-0


[Site "http://www.Chess.com"]

[Event "FIDE World Rapid Chess Championship 2021"]
[White "Sarana, Alexey"]
[Black "Van Foreest, Jorden"]
[WhiteFideId "24133795"]
[BlackFideId "1039784"]
[WhiteElo "2680"]
[BlackElo "2563"]
[Result "1/2-1/2"]
[Round "12"]
[TimeControl "900+10"]
[Date "2021.12.28"]
[WhiteClock "0:11:38"]
[BlackClock "0:08:36"]

1. d4 d5 2. c4 e6 3. Nc3 Nf6 4. cxd5 exd5 5. Bg5 c6 6. e3 h6 7. Bh4 Be7 8. Bd3 O-O 9. Nge2 Ne4 10. Bxe7 Qxe7 11. O-O Bf5 12. Bxe4 Bxe4 13. Nxe4 Qxe4 14. b4 a6 15. Nc3 Qe7 16. Na4 Nd7 17. Qc2 b5 18. Nb2 Rfc8 19. Nd3 Nb6 20. Qc3 Na4 21. Qd2 Nb6 22. Qc3 Na4 23. Qd2 Nb6 24. Nc5 a5 25. bxa5 Nc4 26. Qc3 Rxa5 27. a4 bxa4 28. Rxa4 Rxa4 29. Nxa4 Rb8 30. Nc5 Qg5 31. Qa1 Nd2 32. Rd1 Qg6 33. Nd7 Nf3+ 34. Kh1 Qd6 35. gxf3 1/2-1/2


[Site "http://www.Chess.com"]

[Event "FIDE World Rapid Chess Championship 2021"]
[White "Mitrabha, Guha"]
[Black "Jobava, Baadur"]
[WhiteFideId "5057000"]
[BlackFideId "13601520"]
[WhiteElo "2107"]
[BlackElo "2679"]
[Result "1-0"]
[Round "12"]
[TimeControl "900+10"]
[Date "2021.12.28"]
[WhiteClock "0:00:23"]
[BlackClock "0:00:43"]

1. d4 d5 2. c4 dxc4 3. Nf3 Nf6 4. e3 Bg4 5. Bxc4 e6 6. O-O Bd6 7. Nc3 Nc6 8. h3 Bh5 9. Qe2 O-O 10. Rd1 Qe8 11. Bb5 e5 12. dxe5 Bxf3 13. Qxf3 Qxe5 14. g3 Rad8 15. Bd2 h5 16. Bxc6 bxc6 17. Ne2 Ne4 18. Bc3 Nxc3 19. bxc3 h4 20. gxh4 c5 21. Qg2 Rfe8 22. Kf1 Be7 23. Qg3 Qe4 24. Qg4 Qh1+ 25. Ng1 Bf6 26. Rxd8 Rxd8 27. Rd1 Rxd1+ 28. Qxd1 Qe4 29. Ne2 Qf3 30. Kg1 Bxh4 31. Qf1 Qd5 32. a3 g6 33. Nf4 Qa2 34. Qe2 Qa1+ 35. Kg2 Qxc3 36. Qg4 Be7 37. Qc8+ Kg7 38. Qxc7 Qf6 39. Qxa7 Bd6 40. Qa4 Qg5+ 41. Kf3 Qf5 42. Qe4 Qc8 43. Kg2 Bxf4 44. Qxf4 c4 45. Qd4+ Kh7 46. Qc3 Qc6+ 47. Kf1 g5 48. Ke2 Kg6 49. Qc2+ f5 50. Qc3 Qb5 51. Qb4 Qc6 52. Qc3 Qb5 53. Qb4 Qa6 54. Kd2 Kh5 55. Kc3 g4 56. hxg4+ fxg4 57. Qe7 Qb5 58. Qf7+ Kh4 59. Qxc4 Qb1 60. Qf4 Qc1+ 61. Kb4 Qb2+ 62. Ka4 Kh5 63. Qf7+ Kg5 64. Qf8 Qb6 65. Qb4 Qf6 66. Qd2 Kh4 67. Kb5 Qf5+ 68. Kb4 Qf8+ 69. Kb3 Qf7+ 70. Kc3 Qf8 71. Kb2 Qf6+ 72. Kb3 Qf7+ 73. Kc3 Qf8 74. Qa2 Qf6+ 75. Kd3 Qa6+ 76. Ke4 Qa4+ 77. Kf5 Kh3 78. Qd5 Qc2+ 79. Kg5 Qc1 80. Qe5 Qg1 81. Qf4 Qg2 82. e4 Qg1 83. e5 Qg2 84. Qg3+ 1-0


[Site "http://www.Chess.com"]